 Dungeon Crawl Stone Soup version 0.21.1-1-g345015f (webtiles) character file.

9356 Goblin1989 the Cutter (level 11, -2/81 HPs)
             Began as a Demonspawn Transmuter on Mar 5, 2018.
             Was a High Priest of Dithmenos.
             Slain by a yak (3 damage)
             ... on level 1 of the Lair of Beasts on Mar 6, 2018.
             The game lasted 00:49:34 (14183 turns).

Goblin1989 the Cutter (Demonspawn Transmuter)      Turns: 14183, Time: 00:49:35

Health: -2/81      AC: 11    Str: 12    XL:     11   Next: 22%
Magic:  14/14      EV:  2    Int: 15    God:    Dithmenos [*****.]
Gold:   307        SH:  0    Dex: 15    Spells: 11/14 levels left

rFire    . . .     SeeInvis .   a - +1 short sword (speed)
rCold    . . .     Gourm    .   q - +1 shield
rNeg     + + +     Faith    .   j - +0 ring mail
rPois    ∞         Spirit   .   p - +0 helmet
rElec    .         Reflect  .   U - +2 cloak
rCorr    .         Harm     .   (no gloves)
MR       +....                  h - +0 pair of boots
Stlth    ++++......             r - amulet of regeneration
HPRegen  0.63/turn              m - ring of protection from magic
MPRegen  0.14/turn              (no ring)

@: petrified, wreathed by umbra
A: hooves 2, large bone plates 2, demonic guardian 2, foul stench 1, rot
immunity
a: Shadow Step, Shadow Form, Renounce Religion


You were on level 1 of the Lair of Beasts.
You worshipped Dithmenos.
Dithmenos was extremely pleased with you.
You were not hungry.

You visited 2 branches of the dungeon, and saw 11 of its levels.
You also visited: Bailey.

You collected 499 gold pieces.
You spent 192 gold pieces at shops.

Inventory:

Hand Weapons
 a - a +1 short sword of speed (weapon)
 b - a +0 hunting sling
 w - a +0 blowgun {@w1}
 K - a +1 dagger of venom
 S - the +0 falchion "Nicady" {flame, +Rage rPois MP+9 Stlth+}
   (You bought it in a shop on level 6 of the Dungeon)

   It has been specially enchanted to burn those struck by it, causing extra
   injury to most foes and up to half again as much damage against particularly
   susceptible opponents.
   Big, fiery blades are also staple armaments of hydra-hunters.
   It protects you from poison.
   It affects your magic capacity (+9).
   It lets you go berserk.
   It makes you more stealthy.
   Dithmenos disapproves of the use of such an item.
Missiles
 l - 48 sling bullets
 s - 168 stones {@Q3}
 x - 14 poisoned needles
 z - 143 arrows
 W - 70 tomahawks of returning (quivered)
 Z - a throwing net {!d , @Q1}
Armour
 h - a +0 pair of boots (worn)
 j - a +0 ring mail (worn)
 p - a +0 helmet (worn)
 q - a +1 shield (worn)
 F - the +2 chain mail "Eskiacau" {+Fly rPois rC+}
   (You found it on level 10 of the Dungeon)

   It protects you from cold.
   It protects you from poison.
   It lets you fly.
 U - a +2 cloak (worn)
Magical Staves
 N - an uncursed staff of wizardry {!a}
Jewellery
 m - a ring of protection from magic (left hand)
 r - an amulet of regeneration (around neck)
 O - an uncursed amulet of the gourmand {unknown}
Wands
 I - a wand of iceblast (7)
 P - a wand of paralysis (16)
Scrolls
 n - a scroll of remove curse {@r2}
 C - a scroll of fear
 D - a scroll of amnesia {unknown}
 L - a scroll of acquirement {unknown}
 R - a scroll of identify {@r1}
 T - 3 scrolls of teleportation {!r, @r3}
 V - 2 scrolls of enchant armour
Potions
 f - 4 potions of magic
 A - a potion of brilliance
 B - 2 potions of flight
 E - a potion of degeneration {unknown}
 H - 5 potions of heal wounds {@q2, !q}
 J - 4 potions of curing {@q1}
 M - a potion of might
 Q - 2 potions of haste {unknown}
 X - 6 potions of mutation {!q}
 Y - 2 potions of invisibility
Comestibles
 e - 18 rations
 G - a chunk of flesh


   Skills:
 + Level 6.1 Fighting
 * Level 7.7 Short Blades
 - Level 5.0 Throwing
 + Level 3.3 Armour
 + Level 5.8 Dodging
 + Level 5.6 Stealth
 + Level 5.4 Shields
 - Level 4.6 Unarmed Combat
 - Level 2.4 Spellcasting
 - Level 2.2 Transmutations
 + Level 1.0 Invocations
 + Level 4.5 Evocations


You had 11 spell levels left.
You knew the following spells:

 Your Spells              Type           Power        Failure   Level  Hunger
a - Beastly Appendage     Tmut           #.....       54%         1    #......
b - Sticks to Snakes      Tmut           #.......     67%         2    ###....


Dungeon Overview and Level Annotations

Branches:
Dungeon (10/15)            Temple (0/1) D:4            Lair (1/6) D:9
    Orc (0/2) D:10

Altars:
Ashenzari
Dithmenos
Fedhas
Hepliaklqana
Makhleb
Okawaru
Yredelemnul

Shops:
D:6 %:**(   D:7 *   D:10 ([

Annotations:
D:2 Sigmund
D:5 Setanta's ghost, novice OpAs


Innate Abilities, Weirdness & Mutations

You have hoof-like feet.
You are mostly covered in large bone plates. (SH +6)
A demonic guardian rushes to your aid.
You may emit foul miasma when damaged in melee.
You are immune to rotting.


Message History

The yak is almost dead.
You hit the yak.
The yak is almost dead.
You block the yak's attack.
You hit the yak.
You kill the yak!
Dithmenos accepts your kill.
Your Invocations skill increases to level 1!
Unknown command.
You see here a yak corpse.
You butcher the yak corpse.
G - 2 chunks of flesh You regained 2 hp, and now have 54/81 hp.
You start resting.
Eating one of 2 chunks of flesh.
You eat one of the 2 chunks of flesh.
This raw flesh tastes terrible.
HP restored.
Health restored: 81 You see here a crocodile corpse.
You see here a hippogriff corpse.
There is a staircase to the Lair, spattered with blood here.
You climb downwards.
Welcome back to the Lair of Beasts!
A basilisk, a porcupine and 2 yaks come into view.
The bullfrog barely misses you.
The bullfrog hits you but does no damage.
You block the yak's attack. x2
The basilisk gazes at you.
You are slowing down.
The porcupine bites you.
A yak comes into view.
There is a staircase back to the Dungeon here.
You take 4 damage, and have 77/81 hp.
Unknown command.
Unknown command.
Unknown command.
Unknown command.
The bullfrog hits you but does no damage.
The bullfrog looks sick.
The bullfrog hits you but does no damage.
The yak gores you but does no damage. The yak barely misses you.
The porcupine bites you!
The porcupine looks sick.
Your orange demon stings the yak from afar.
The bullfrog hits you but does no damage.
The yak barely misses you. x2; The porcupine barely misses you.
You have turned to stone.
The basilisk gazes at you. You resist with almost no effort.
The bullfrog barely misses you.
Your orange demon splashes around in the water.
The yak gores you. The porcupine bites you! The yak gores you! x2
The yak looks sick.
You emit a cloud of foul miasma!
The bullfrog hits you but does no damage.
The basilisk gazes at you. You resist with almost no effort. The yak gores you!
The yak barely misses you.
Your orange demon stings the yak from afar!
The porcupine bites you! The bullfrog completely misses you. The yak gores you!
The yak is engulfed in dark miasma.
The yak is poisoned.
The yak gores you. The bullfrog hits you.
* * * LOW HITPOINT WARNING * * *
The porcupine bites you but does no damage.
The yak gores you!
* * * LOW HITPOINT WARNING * * *
The yak looks sick.
Your orange demon stings the yak but does no damage.
The yak gores you but does no damage. The yak gores you.
* * * LOW HITPOINT WARNING * * *
The yak is engulfed in dark miasma.
The yak looks even sicker.
The yak seems to slow down.
The yak gores you!
* * * LOW HITPOINT WARNING * * *
The bullfrog hits you but does no damage.
The porcupine bites you.
* * * LOW HITPOINT WARNING * * *
The yak gores you but does no damage.
Your orange demon splashes around in the water.
The bullfrog hits you.
* * * LOW HITPOINT WARNING * * *
The yak gores you.
* * * LOW HITPOINT WARNING * * *
The porcupine bites you!
* * * LOW HITPOINT WARNING * * *
The bullfrog barely misses you. The yak gores you.
* * * LOW HITPOINT WARNING * * *
Your orange demon splashes around in the water.
The yak is engulfed in dark miasma.
The yak looks even sicker.
The yak gores you.
* * * LOW HITPOINT WARNING * * *
The yak gores you. The yak barely misses you. The yak gores you.
* * * LOW HITPOINT WARNING * * *
The porcupine bites you but does no damage.
The bullfrog hits you.
* * * LOW HITPOINT WARNING * * *
The yak gores you!
* * * LOW HITPOINT WARNING * * *
Your orange demon splashes around in the water.
The yak gores you!
* * * LOW HITPOINT WARNING * * *
The porcupine completely misses you.
The bullfrog hits you but does no damage.
The yak barely misses you. The yak gores you.
* * * LOW HITPOINT WARNING * * *
The yak looks sick.
The yak gores you.
You die...

█. ██ █.██.██
......
██P...██ ██
█≈..≈≈.███.██
██.≈≈≈≈......
█.≈≈≈≈4YY%██
..≈≈≈≈≈YYF.█
..≈≈≈≈≈Y@Y.█
█.l≈≈≈≈≈Yr.█
..≈≈≈≈≈≈≈)█.█
█.≈≈≈≈≈≈≈≈.
..
██..≈≈≈≈≈.≈█
...
).?..≈≈≈≈≈██
..
..██.....██ .
.....██


You could see 7 yaks, a basilisk, a bullfrog, a porcupine and a friendly orange
demon.

Vanquished Creatures
  A two-headed ogre (D:9)
  A spiny frog (D:9)
  A troll (D:10)
  A merfolk (D:9)
  A hornet (D:10)
  A slime creature (D:9)
  5 hippogriffs
  12 yaks
  A wraith (D:10)
  A wyvern (D:10)
  2 hungry ghosts
  An ice beast (D:6)
  5 orc warriors
  A hornet zombie (D:10)
  3 sky beasts
  A necrophage (D:10)
  A centaur (D:3)
  3 ogres
  A big kobold (D:9)
  5 bullfrogs
  A wyvern zombie (D:6)
  4 scorpions
  9 killer bees
  A howler monkey (D:4)
  An electric eel (Lair:1)
  2 bullfrog zombies (D:6)
  4 crimson imps
  2 hounds
  A quasit (D:10)
  An orc priest (D:3)
  A centaur skeleton (D:9)
  A gnoll shaman (D:10)
  A jelly (D:8)
  A bullfrog skeleton (D:9)
  6 orc wizards
  An iguana (D:8)
  7 worker ants
  2 worker ant zombies
  2 howler monkey zombies
  21 gnolls
  8 adders
  A howler monkey skeleton (D:7)
  2 shadow imps (D:5)
  3 oozes
  An adder zombie (D:6)
  2 adder skeletons
  3 dart slugs
  A worm (D:4)
  4 leopard geckos
  30 orcs
  7 giant cockroaches
  14 goblins
  17 hobgoblins
  13 jackals
  22 kobolds
  7 quokkas
  7 bats
  4 frilled lizards
  6 rats
269 creatures vanquished.

Vanquished Creatures (collateral kills)
  2 slime creatures (D:9)
  2 hippogriffs (D:9)
  4 yaks
  A sky beast (D:8)
  A necrophage (D:6)
  2 ogres
  2 centaurs (D:5)
  A crocodile (D:9)
  A bullfrog (D:9)
  A bullfrog zombie (D:6)
  2 hounds
  An orc priest (D:8)
  An iguana (D:8)
  An orc wizard (D:5)
  A worker ant (D:8)
  7 orcs
  A bat (D:2)
  A quokka (D:3)
  A ball python (D:4)
  A frilled lizard (D:3)
  2 kobolds
36 creatures vanquished.

Grand Total: 305 creatures vanquished

Notes
Turn   | Place    | Note
-------+----------+-------------------------------------------
     0 | D:1      | Goblin1989 the Demonspawn Transmuter began the quest for the Orb.
     0 | D:1      | Reached XP level 1. HP: 15/15 MP: 3/3
   366 | D:1      | Gained mutation: You are partially covered in large bone plates. (SH +4) [demonic ancestry]
   366 | D:1      | Reached XP level 2. HP: 14/21 MP: 5/5
   832 | D:1      | Learned a level 2 spell: Sticks to Snakes
  1556 | D:2      | Noticed Sigmund
  1615 | D:2      | Gained mutation: A weak demonic guardian rushes to your aid. [demonic ancestry]
  1615 | D:2      | Reached XP level 3. HP: 14/26 MP: 6/6
  2651 | D:3      | Noticed a scorpion
  2656 | D:3      | Killed a scorpion
  2656 | D:3      | Gained mutation: You are immune to rotting. [demonic ancestry]
  2656 | D:3      | Reached XP level 4. HP: 23/32 MP: 7/7
  3051 | D:3      | Found a shadowy altar of Dithmenos.
  3111 | D:3      | Became a worshipper of Dithmenos the Shadowed
  3242 | D:3      | Gained mutation: You have large cloven feet. [demonic ancestry]
  3242 | D:3      | Reached XP level 5. HP: 37/37 MP: 8/8
  3575 | D:3      | Noticed a centaur
  3589 | D:3      | Killed a centaur
  3589 | D:3      | Reached skill level 1 in Short Blades
  3589 | D:3      | Reached skill level 1 in Shields
  4299 | D:4      | Gained mutation: You may emit foul miasma when damaged in melee. [demonic ancestry]
  4299 | D:4      | Reached XP level 6. HP: 38/44 MP: 9/9
  4393 | D:4      | Noticed a yak
  4429 | D:4      | Reached * piety under Dithmenos
  4969 | D:4      | Killed a yak
  4969 | D:4      | Reached skill level 2 in Short Blades
  4969 | D:4      | Reached skill level 1 in Throwing
  4969 | D:4      | Reached skill level 1 in Stealth
  5205 | D:4      | Gained mutation: You are mostly covered in large bone plates. (SH +6) [demonic ancestry]
  5205 | D:4      | Reached XP level 7. HP: 22/51 MP: 10/10
  5685 | D:4      | Found a staircase to the Ecumenical Temple.
  5742 | D:4      | Found a blossoming altar of Fedhas.
  6096 | D:5      | Entered Level 5 of the Dungeon
  6589 | D:5      | Reached skill level 3 in Short Blades
  6700 | D:5      | Noticed Setanta's ghost (novice OpAs)
  7470 | D:6      | Reached XP level 8. HP: 54/58 MP: 11/11
  7711 | D:6      | Found Jacoj's Assorted Antiques.
  7714 | D:6      | Bought a slimy falchion for 192 gold pieces
  7714 | D:6      | Identified the cursed +0 falchion "Nicady" {flame, +Rage rPois MP+9 Stlth+} (You bought it in a shop on level 6 of the Dungeon)
  7845 | D:6      | Found Fetuo's General Store.
  7856 | D:6      | Found Itueraibb's Book Shoppe.
  7868 | D:6      | Found Nievuehe's Weapon Boutique.
  7924 | D:6      | Reached skill level 4 in Short Blades
  7968 | D:6      | Found Gaxuckis's Food Emporium.
  8561 | D:7      | Noticed a hippogriff
  8584 | D:7      | Killed a hippogriff
  8584 | D:7      | Reached ** piety under Dithmenos
  8675 | D:7      | Reached skill level 1 in Evocations
  8675 | D:7      | Reached XP level 9. HP: 65/65 MP: 12/12
  8688 | D:7      | Found Luikhlaso's General Store.
  8693 | D:7      | Goblin1989: an uncursed staff of wizardry
  8693 | D:7      | Goblin1989: D7
  8693 | D:7      | Goblin1989: lol
  8735 | D:7      | Found an iron altar of Okawaru.
  8812 | D:7      | Reached skill level 5 in Short Blades
  8847 | D:7      | Found a hazy altar of Hepliaklqana.
  8847 | D:7      | Found a basalt altar of Yredelemnul.
  9547 | D:8      | Found a shattered altar of Ashenzari.
  9611 | D:8      | Found a flagged portal.
  9625 | Bailey   | Entered a bailey
 10005 | Bailey   | Reached *** piety under Dithmenos
 10516 | D:8      | Reached skill level 1 in Armour
 10591 | D:8      | Reached skill level 6 in Short Blades
 10773 | D:8      | Reached skill level 5 in Fighting
 11083 | D:9      | Gained mutation: You have hoof-like feet. [demonic ancestry]
 11083 | D:9      | Reached XP level 10. HP: 59/74 MP: 13/13
 11136 | D:9      | Reached skill level 5 in Dodging
 11418 | D:9      | Found a burning altar of Makhleb.
 11520 | D:9      | Reached **** piety under Dithmenos
 11722 | D:9      | Noticed a two-headed ogre
 11723 | D:9      | Found a staircase to the Lair.
 11739 | D:9      | Killed a two-headed ogre
 11853 | D:9      | Reached skill level 5 in Stealth
 12106 | D:9      | Reached skill level 5 in Shields
 12319 | D:9      | Reached skill level 7 in Short Blades
 12363 | D:10     | Entered Level 10 of the Dungeon
 12797 | D:10     | Got a brightly glowing chain mail
 12808 | D:10     | Identified the +2 chain mail "Eskiacau" {+Fly rPois rC+} (You found it on level 10 of the Dungeon)
 12891 | D:10     | Gained mutation: A demonic guardian rushes to your aid. [demonic ancestry]
 12891 | D:10     | Reached XP level 11. HP: 69/81 MP: 14/14
 12942 | D:10     | Reached skill level 5 in Throwing
 12983 | D:10     | Reached ***** piety under Dithmenos
 13481 | D:10     | Found Huotiuph's Armour Boutique.
 13481 | D:10     | Found a staircase to the Orcish Mines.
 13483 | D:10     | Found Diczookk's Weapon Boutique.
 14066 | Lair:1   | Entered Level 1 of the Lair of Beasts
 14123 | D:9      | Reached skill level 1 in Invocations
 14183 | Lair:1   | HP: 3/81 [yak (5)]
 14183 | Lair:1   | HP: 1/81 [yak (2)]
 14183 | Lair:1   | Slain by a yak

Skill      XL: |  1  2  3  4  5  6  7  8  9 10 11 |
---------------+----------------------------------+-----
Unarmed Combat | 3 4 |  4.6
Dodging        | 2 3 4 5 |  5.8
Transmutations | 2 |  2.2
Short Blades   | 1 2 3 4 6 7 |  7.7
Shields        | 1 2 3 4 5 |  5.4
Fighting       | 2 3 4 5 6 |  6.1
Throwing       | 1 2 3 4 5 |  5.0
Stealth        | 1 2 3 4 5 |  5.6
Evocations     | 1 2 4 |  4.5
Armour         | 1 3 |  3.3
Invocations    | 1 |  1.0
Spellcasting   | |  2.4

Action                   |  1- 3 |  4- 6 |  7- 9 | 10-12 || total
-------------------------+-------+-------+-------+-------++-------
Melee: Unarmed           |   197 |   127 |       |       ||   324
       Punch             |     2 |       |       |       ||     2
       Short sword       |       |   188 |  1095 |   696 ||  1979
       Dagger            |       |       |       |     5 ||     5
 Fire: Blowgun           |       |     9 |    31 |    26 ||    66
       Hunting sling     |       |    11 |    36 |     5 ||    52
Throw: Stone             |       |     1 |     5 |       ||     6
       Tomahawk          |       |       |     9 |       ||     9
       Throwing net      |       |       |     1 |       ||     1
 Cast: Sticks to Snakes  |     1 |       |       |       ||     1
Evoke: Wand              |       |       |       |     6 ||     6
  Use: Potion            |       |     1 |     2 |       ||     3
       Scroll            |       |       |    12 |       ||    12
 Stab: Sleeping          |     2 |       |     7 |     6 ||    15
       Distracted        |     1 |       |     2 |     2 ||     5
       Invisible         |       |       |     5 |       ||     5
       Paralysed         |       |       |       |     6 ||     6
  Eat: Chunk             |     5 |     9 |    21 |    12 ||    47
Armor: Robe              |    29 |       |       |       ||    29
       Ring mail         |    38 |    91 |   180 |    88 ||   397
Dodge: Dodged            |   124 |    83 |   175 |   126 ||   508
Block: Other             |    16 |       |       |       ||    16
       Shield            |    33 |   151 |   550 |   365 ||  1099

Vault maps used:
D:1:      dpeg_arrival_more_subterranean_lakeside_camping,
          serial_co_window_serial, co_window_corner_a, co_window_corner_a,
          co_window_corner_a, co_window_of_opportunity_a, co_window_paths_b,
          co_window_corner_b, co_window_2corner, co_window_unsneaky_path_c,
          co_window_broadway_c, co_window_of_opportunity_b, glass_columns_b,
          glass_columns_a, glass_columns_a, glass_columns_a, glass_columns_c
D:2:      uniq_sigmund
D:3:      grunt_dithmenos_smoke
D:4:      cheibrodos_barr_body, fedhas_altar_fruit_tree,
          minmay_temple_entry_enclosed_plants, first_ration
D:6:      serial_shops, nicolae_shop_stone, nicolae_shop_statue_plus,
          nicolae_shop_crystal, kennysheep_mini, shop, serial_undead,
          serial_undead_c, serial_undead_f, serial_undead_e, serial_undead_d
D:7:      overflow_temple_1_default, grunt_temple_overflow_open, serial_shops,
          shop
D:8:      enter_bailey_3, ashenzari_altar_1
D:9:      overflow_temple_1_default, lair_entry_dummy, hangedman_fish_farm
D:10:     orc_david_3
Lair:1:   infiniplex_staircase_pool
Bailey:   bailey_axe_2, bailey
